 Dungeon Crawl Stone Soup version 0.23-a0-375-g66a18ee (webtiles) character file.

171 galech the Skirmisher (level 5, -2/42 HPs)
             Began as a Demonspawn Fighter on Oct 26, 2018.
             Killed by nerve-wracking pain
             ... invoked by an orc priest
              (4 damage)
             ... on level 3 of the Dungeon.
             The game lasted 00:02:55 (1688 turns).

galech the Skirmisher (Demonspawn Fighter)          Turns: 1688, Time: 00:02:55

Health: -2/42      AC:  9    Str: 16    XL:     5   Next: 26%
Magic:  0/5        EV:  4    Int:  9    God:
Gold:   234        SH:  9    Dex: 14    Spells: 4/4 levels left

rFire    . . .     SeeInvis .   a - +0 war axe
rCold    . . .     Gourm    .   c - +0 shield
rNeg     . . .     Faith    .   e - +0 chain mail
rPois    .         Spirit   +   (no helmet)
rElec    .         Reflect  .   (no cloak)
rCorr    .         Harm     .   (no gloves)
MR       .....                  (no boots)
Stlth    ..........             s - amulet of guardian spirit
HPRegen  0.14/turn              (no ring)
MPRegen  0.09/turn              (no ring)

@: no status effects
A: spiny 2
a: no special abilities


You were on level 3 of the Dungeon.
You were not hungry.

You visited 1 branch of the dungeon, and saw 3 of its levels.

You collected 234 gold pieces.

Inventory:

Hand Weapons
 a - a +0 war axe (weapon)
Armour
 c - a +0 shield (worn)
 e - a +0 chain mail (worn)
Jewellery
 l - an uncursed amulet of the acrobat
 s - an amulet of guardian spirit (around neck)
Scrolls
 h - 4 scrolls of identify {unknown}
 i - a scroll of blinking {unknown}
 j - a scroll of remove curse {unknown}
 k - a scroll of enchant weapon {unknown}
 m - 2 scrolls of noise {unknown}
 o - 2 scrolls of random uselessness {unknown}
 r - 2 scrolls of fog {unknown}
 t - a scroll of teleportation {unknown}
 u - a scroll of immolation {unknown}
 v - a scroll of amnesia {unknown}
Potions
 b - 3 potions of heal wounds {unknown}
 d - a potion of might
 n - 2 potions of curing {unknown}
 p - 2 potions of brilliance {unknown}
 q - a potion of degeneration {unknown}
 w - a potion of resistance
Comestibles
 f - 3 rations
 g - 8 chunks of flesh


   Skills:
 + Level 3.7 Fighting
 + Level 3.2 Axes
 + Level 3.3 Armour
 + Level 0.9 Dodging
 + Level 3.4 Shields


You had 4 spell levels left.
You didn't know any spells.
Your spell library was empty.

Dungeon Overview and Level Annotations

Branches:
Dungeon (3/15)

Altars:
Gozag
Trog


Innate Abilities, Weirdness & Mutations

You are mostly covered in sharp spines.


Message History

Pain shoots through your body!
* * * LOW HITPOINT WARNING * * *
The ball python bites you but does no damage.
You hit the orc priest but do no damage.
The orc priest is lightly wounded.
You closely miss the ball python. You block the bat's attack.
The bat is struck by your spines.
You kill the bat!
You block the orc priest's attack. The ball python bites you.
* * * LOW HITPOINT WARNING * * *
The orc priest is struck by your spines.
The orc priest hits you with a +0 whip.
* * * LOW HITPOINT WARNING * * *
The ball python is struck by your spines.
You kill the ball python!
You closely miss the orc priest.
The orc priest is moderately wounded.
The orc priest invokes the aid of Beogh against you.
Pain shoots through your body!
You die...

.......# .......# #..
##### .......#####..##
..... ................
.....% ......#####.....
...... ..........
..).###..w... ##..##.#.
..#[......... .......#
#.#.†o)......
.......#.###.#..@)......
.......#.>...#..†.......
.......# #.....?.....##
.......# #.#.#...#####
.......# #.#.#......
##+###.# #.#.#..####
.......####.#.#..#
............#.####
......#######..


You could see an orc priest and a dart slug.

Vanquished Creatures
  An orc wizard (D:3)
  A worker ant (D:2)
  3 adders
  A worm (D:2)
  5 leopard geckos
  10 orcs (D:3)
  3 ball pythons
  7 hobgoblins
  9 jackals
  5 kobolds
  3 quokkas
  10 bats
  4 frilled lizards
  7 goblins
  5 rats
74 creatures vanquished.

Notes
Turn   | Place    | Note
-------+----------+-------------------------------------------
     0 | D:1      | galech the Demonspawn Fighter began the quest for the Orb.
     0 | D:1      | Reached XP level 1. HP: 18/18 MP: 1/1
   194 | D:1      | Gained mutation: You are partially covered in sharp spines.
                  | [demonic ancestry]
   194 | D:1      | Reached XP level 2. HP: 24/24 MP: 2/2
   283 | D:1      | Gained mutation: You are mostly covered in sharp spines.
                  | [demonic ancestry]
   283 | D:1      | Reached XP level 3. HP: 20/29 MP: 3/3
   697 | D:2      | Found a bloodstained altar of Trog.
   699 | D:2      | Found an opulent altar of Gozag.
   840 | D:2      | Reached XP level 4. HP: 35/35 MP: 4/4
  1606 | D:3      | Reached XP level 5. HP: 34/42 MP: 5/5
  1687 | D:3      | HP: 2/42 [orc priest/+0 whip (1)]
  1688 | D:3      | Killed from afar by an orc priest

Vault maps used:
D:1:      minmay_arrival_open_corners
D:2:      chequers_temple_overflow_statue_of_worship
D:3:      first_ration

Skill      XL: |  1  2  3  4 |
---------------+-------------+-----
Axes           | 2 3 |  3.2
Armour         | 3 |  3.3
Shields        | 3 |  3.4
Fighting       | |  3.7
Dodging        | |  0.9

Action                   |  1- 3 |  4- 6 || total
-------------------------+-------+-------++-------
Melee: War axe           |    77 |    64 ||   141
  Eat: Chunk             |       |     3 ||     3
Armor: Chain mail        |    48 |    38 ||    86
       Scale mail        |     3 |       ||     3
Dodge: Dodged            |    20 |    16 ||    36
Block: Shield            |    54 |    49 ||   103

Table legend:
 A = Non-vault XP
 B = Vault XP
 C = Vault XP percentage of total XP
 D = Non-vault monster count
 E = Vault monster count
 F = Vault count percentage of total count
                 A         B        C        D         E       F
            +---------+---------+-------+---------+---------+-------
      Total |     245 |       0 |   0.0 |      74 |       0 |   0.0
            +---------+---------+-------+---------+---------+-------
        D:1 |      49 |       0 |   0.0 |      28 |       0 |   0.0
        D:2 |      89 |       0 |   0.0 |      19 |       0 |   0.0
        D:3 |     107 |       0 |   0.0 |      27 |       0 |   0.0
            +---------+---------+-------+---------+---------+-------
